cohdb
Replays
Latest Replays
All Replays
Popular Replays
Top Player Replays
Match Explorer
How It Works
Community
CoH3 Stats
Reddit
Sign in to upload your games and track your stats! →
Sign in with Steam
Match 45355674
Unlisted
Match 45355674
Overview
Messages
Build Orders
End
Selects Italian Infantry
Panzergrenadier Squad
Kradschützen Motorcycle Team
250 Light Carrier
Panzergrenadier Squad
Construct Light Support Kompanie
250 Light Carrier
2.5-tonne Medical Truck
Selects Guastatori Squad
Guastatori Squad
Fire Support Elements
Selects Registered Artillery
Panzerjäger Squad
Pak 38 Mechanized Group
2.5-tonne Medical Truck
Flakvierling Half-track
Selects Defensive Operations
Selects Prepared Positions
Guastatori Squad
Construct Panzerarmee Kommand
Flak 36 Anti-tank Gun Team
Flak 36 Anti-tank Gun Team
Selects Obice 305mm Barrage
Flak 36 Anti-tank Gun Team
Flak 36 Anti-tank Gun Team
ColderWriter92
Masgam bandit.gg
SneaKerz
gb_gbg
0
0
Comments
sign in to comment!
No comments posted yet!